 Dungeon Crawl Stone Soup version 0.18-a0-965-g9200175 (webtiles) character file.

143 Duffy the Insei (level 5, 39/41 HPs)
             Began as a Demonspawn Monk on Jan 2, 2016.
             Quit the game on level 4 of the Dungeon.
             The game lasted 00:02:32 (3115 turns).

Duffy the Insei (Demonspawn Monk)                   Turns: 3115, Time: 00:02:32

Health: 39/41      AC:  5    Str: 13    XL:     5   Next: 4%
Magic:  14/14      EV: 11    Int: 11    God:
Gold:   108        SH:  0    Dex: 15    Spells: 0 memorised, 4 levels left

rFire  . . .     SeeInvis .       - Unarmed
rCold  + . .     Gourm    .     l - +0 ring mail
rNeg   . . .     Faith    .     (no shield)
rPois  .         Spirit   +     (no helmet)
rElec  .         Dismiss  .     (no cloak)
rCorr  .         Reflect  .     (no gloves)
SustAt .         Harm     .     (no boots)
MR     .....                    (no amulet)
Stlth  +.........               s - ring of magical power
                                y - ring of flight

@: not resistant to hostile enchantments, very unstealthy
A: cold resistance 1, magic shield
a: Evoke Flight


You were on level 4 of the Dungeon.
You were not hungry.

You visited 1 branch of the dungeon, and saw 4 of its levels.

You collected 108 gold pieces.


Innate Abilities, Weirdness & Mutations

Your flesh is cold resistant.
When hurt, damage is shared between your health and your magic reserves.


   Skills:
 - Level 3.0 Fighting
 - Level 2.6 Dodging
 - Level 1.7 Stealth
 + Level 5.8 Unarmed Combat


You had 4 spell levels left.
You didn't know any spells.

Inventory:

Hand Weapons
 t - a +0 blowgun
Missiles
 u - 14 poisoned needles
 A - 5 tomahawks (quivered)
Armour
 a - a +0 robe
 l - a +0 ring mail (worn)
Jewellery
 s - a ring of magical power (right hand)
 y - a ring of flight (left hand)
Scrolls
 d - 3 scrolls of identify {unknown}
 e - a scroll of random uselessness {unknown}
 h - a scroll of remove curse {unknown}
 j - a scroll of enchant armour {unknown}
 o - a scroll of fog {unknown}
 p - 2 scrolls of teleportation {unknown}
 q - 3 scrolls of immolation {unknown}
 w - a scroll of amnesia {unknown}
 x - a scroll of noise {unknown}
Potions
 c - 4 potions of magic {unknown}
 g - 3 potions of cancellation {unknown}
 i - 2 potions of brilliance {unknown}
 m - a potion of agility {unknown}
 n - a potion of might {unknown}
Books
 r - a book of Annihilations
Comestibles
 b - 2 bread rations
 f - a slice of pizza
 k - 4 fruits
 v - 2 meat rations
 z - a royal jelly
 B - 4 chunks of flesh

Dungeon Overview and Level Annotations

Branches:
Dungeon (4/15)
 Temple: D:4-7

Altars:
Dithmenos
Fedhas
Vehumet


Message History

You open the door.
There is an open door here.
Found a whip.
q - 3 scrolls labeled BOV MESCHUSTITO (gained 1) Some of the chunks of flesh in your inventory have rotted away.
Done exploring.
Done exploring.
Done exploring.
(D) Dungeon
Where to? (* - list waypoints, Enter - D:3, ? - help)
There is a stone staircase leading down here.
You climb downwards.
There is a stone staircase leading up here.
An adder comes into view.
An adder is nearby!
The adder barely misses you.
Found a stone staircase leading up.
You closely miss the adder. The adder barely misses you.
You completely miss the adder. The adder closely misses you.
You hit the adder.
The adder is severely wounded.
The adder bites you.
You hit the adder but do no damage.
The adder is severely wounded.
The adder barely misses you.
You closely miss the adder.
The adder is severely wounded.
The adder misses you.
You hit the adder.
You kill the adder!
You have reached level 5!
Your demonic ancestry asserts itself...
You feel resistant to cold.
Unknown command.
Are you sure you want to abandon this character and quit the game? (Confirm with "yes".)

.#. ##..###
..<.... ......#
......# .......
.#. ####......#
.....###..@.......
.......<.##.....#.
####.##### .....#
#.#### .# .# . .


There were no monsters in sight!

Action                   |  1- 3 |  4- 6 || total
-------------------------+-------+-------++-------
Melee: Unarmed           |   161 |    73 ||   234
 Fire: Blowgun           |       |     5 ||     5
 Stab: Sleeping          |     5 |       ||     5
       Distracted        |     1 |       ||     1
  Eat: Chunk             |     4 |     3 ||     7

Notes
Turn   | Place    | Note
--------------------------------------------------------------
     0 | D:1      | Duffy the Demonspawn Monk began the quest for the Orb.
     0 | D:1      | Reached XP level 1. HP: 18/18 MP: 1/1
    47 | D:1      | Reached skill level 4 in Unarmed Combat
    47 | D:1      | Gained mutation: When hurt, damage is shared between your health and your magic reserves. [demonic ancestry]
    47 | D:1      | Reached XP level 2. HP: 24/24 MP: 2/2
   842 | D:2      | Reached XP level 3. HP: 29/29 MP: 3/3
   855 | D:2      | Found a shadowy altar of Dithmenos.
  1212 | D:2      | Found a blossoming altar of Fedhas.
  1369 | D:2      | Found a radiant altar of Vehumet.
  1801 | D:2      | Reached skill level 5 in Unarmed Combat
  2121 | D:3      | Reached XP level 4. HP: 26/35 MP: 4/4
  3114 | D:4      | Gained mutation: Your flesh is cold resistant. [demonic ancestry]
  3114 | D:4      | Reached XP level 5. HP: 39/41 MP: 5/5
  3115 | D:4      | Quit the game

Vault maps used:
D:1:      tarquinn_simple_flora_water_f
D:2:      fedhas_altar_3, vehumet_crystals,
          nicolae_dithmenos_through_a_glass_darkly,
          hangedman_decor_clover_reticule
D:4:      zin_statuary, serial_co_window_serial, co_window_cross_1,
          co_window_corner_a, co_window_paths_a, co_window_corner_a,
          co_window_corner_a, co_window_paths_a, co_window_broadway_b,
          co_window_corner_b, co_window_corner_cb, co_window_paths_c,
          co_window_unsneaky_path_a, co_window_of_opportunity_b,
          co_window_broadway_a, glass_columns_b, glass_columns_b

Vanquished Creatures
  A hound
  4 adders
  An ooze
  A worm
  3 giant geckos
  3 orcs
  A ball python
  5 giant cockroaches
  4 goblins
  6 hobgoblins
  8 jackals
  3 quokkas
  6 bats
  7 kobolds
  7 rats
60 creatures vanquished.
